 Dungeon Crawl Stone Soup version 0.22-a0-246-gdc04c06 (webtiles) character file.

2608 galech the Grappler (level 9, 0/92 HPs)
             Began as a Troll Monk on Feb 22, 2018.
             Was a Believer of Okawaru.
             Killed by divine providence
             ... invoked by an orc priest
              (13 damage)
             ... on level 7 of the Dungeon.
             The game lasted 00:12:03 (5917 turns).

galech the Grappler (Troll Monk)                    Turns: 5917, Time: 00:12:04

Health: 0/92       AC:  5    Str: 24    XL:     9   Next: 34%
Magic:  16/17      EV: 13    Int:  6    God:    Okawaru [**....]
Gold:   422        SH:  0    Dex: 12    Spells: 8/8 levels left

rFire    . . .     SeeInvis .     - Unarmed
rCold    . . .     Gourm    +   (no shield)
rNeg     . . .     Faith    .   a - +0 robe
rPois    +         Spirit   .   (helmet restricted)
rElec    .         Reflect  .   (no cloak)
rCorr    .         Harm     .   (gloves unavailable)
MR       .....                  (boots unavailable)
Stlth    ++........             (no amulet)
HPRegen  0.65/turn              e - ring of poison resistance
MPRegen  0.15/turn              t - ring of magical power

@: no status effects
A: large, unfitting armour, claws 3, fast metabolism 3, gourmand, regeneration
1, shaggy fur 1, tough skin 2
a: Heroism, Renounce Religion


You were on level 7 of the Dungeon.
You worshipped Okawaru.
Okawaru was pleased with you.
You were completely stuffed.

You visited 2 branches of the dungeon, and saw 8 of its levels.
You also visited: Sewer and Ossuary.

You collected 595 gold pieces.
You spent 173 gold pieces at shops.

Inventory:

Armour
 a - a +0 robe (worn)
Jewellery
 e - a ring of poison resistance (left claw)
 s - an uncursed ring of fire
 t - a ring of magical power (right claw)
 C - an uncursed ring of wizardry
Wands
 r - a wand of digging (11)
 v - a wand of polymorph (14)
 y - a wand of iceblast (8)
Scrolls
 c - 4 scrolls of teleportation
 g - a scroll of noise
 h - 8 scrolls of remove curse
 i - a scroll of immolation
 k - a scroll of magic mapping
 l - 2 scrolls of enchant weapon
 p - a scroll of enchant armour
 q - a scroll of fog
 B - a scroll of summoning {unknown}
 D - a scroll of fear {unknown}
Potions
 d - 2 potions of heal wounds {unknown}
 f - 3 potions of degeneration {unknown}
 j - 4 potions of curing
 m - 4 potions of haste {unknown}
 n - 3 potions of flight {unknown}
 o - 4 potions of magic {unknown}
 w - 2 potions of invisibility
 x - 3 potions of agility
 z - a potion of berserk rage
 A - a potion of cancellation
Comestibles
 b - 11 rations
 u - 7 chunks of flesh


   Skills:
 + Level 6.6 Fighting
 + Level 6.6 Dodging
 - Level 1.1 Stealth
 + Level 8.0 Unarmed Combat


You had 8 spell levels left.
You didn't know any spells.

Dungeon Overview and Level Annotations

Branches:
Dungeon (7/15)             Temple (1/1) D:6

Altars:
Ashenzari
Cheibriados
Dithmenos
Elyvilon
Fedhas
Gozag
Hepliaklqana
Kikubaaqudgha
Nemelex Xobeh
Okawaru
Ru
Trog
Uskayaw
Wu Jian
Xom
Zin
The Shining One

Shops:
D:5 !%}?=


Innate Abilities, Weirdness & Mutations

You are too large for most types of armour.
You have claws for hands.
Your metabolism is lightning-fast.
You like to eat raw meat.
Your natural rate of healing is unusually fast.
You are covered in fur. (AC +1)
You have very tough skin. (AC +2)


Message History

The orc wizard hits you with a dagger.
* * * LOW HITPOINT WARNING * * *
You completely miss the orc wizard.
The orc wizard is almost dead.
The orc wizard mumbles some strange words.
The orc wizard blinks!
The orc warrior misses you.
The orc wizard mumbles some strange words.
The orc wizard seems to speed up.
The orc wizard mumbles some strange words.
The orc wizard blinks!
The orc priest calls upon Beogh to heal the orc wizard.
The orc wizard is healed somewhat.
The orc priest calls upon Beogh to heal the orc wizard.
The orc wizard is healed somewhat.
You feel like a meek peon again.
The orc wizard mumbles some strange words.
The orc wizard blinks!
The orc priest calls down the wrath of Beogh upon you.
Beogh smites you!
You die...

#.# #.# #.# ###### #.#
#.###....# #.###.....#..#######
#.#................)
#.#.#####..#.####### #.#.#
#..#.########
#.#.#####....>.......
#.#######.....o@..##.#########
#ยง..o...oo..########..........
############# ###########


You could see an orc warrior, an orc priest and an orc wizard.

Vanquished Creatures
  Grinder (D:6)
  A hippogriff (D:7)
  Purgy (Sewer)
  An orc warrior (D:7)
  2 ice beasts
  A sky beast (D:7)
  A phantom (D:4)
  A black bear (D:5)
  2 ogres (D:4)
  A centaur (D:5)
  A bullfrog (D:6)
  2 scorpions
  2 electric eels (D:6)
  3 crimson imps
  A jelly (D:6)
  A bullfrog zombie (D:3)
  A centaur zombie (D:5)
  4 hounds
  2 orc priests (D:5)
  3 orc wizards
  5 iguanas
  3 worker ants
  A hound zombie (D:5)
  8 mummies (Ossuary)
  A howler monkey zombie (D:5)
  Robin (D:3)
  6 gnolls
  5 adders
  An adder zombie (D:6)
  An adder skeleton (D:3)
  3 worms
  2 dart slugs
  5 leopard geckos
  24 orcs
  5 giant cockroaches
  3 gnoll zombies (Ossuary)
  12 goblins
  6 hobgoblins
  20 jackals
  9 kobolds
  5 quokkas
  3 ball pythons
  2 bats (D:3)
  4 frilled lizards
  4 hobgoblin zombies (Ossuary)
  A kobold zombie (Ossuary)
  7 rats
  A bush (D:6)
180 creatures vanquished.

Notes
Turn   | Place    | Note
-------+----------+-------------------------------------------
     0 | D:1      | galech the Troll Monk began the quest for the Orb.
     0 | D:1      | Reached XP level 1. HP: 22/22 MP: 0/0
   254 | D:1      | Found a glowing golden altar of the Shining One.
   766 | D:2      | Reached XP level 2. HP: 29/29 MP: 1/1
   812 | D:2      | Reached XP level 3. HP: 30/36 MP: 2/2
   912 | D:2      | Found a hazy altar of Hepliaklqana.
  1164 | D:2      | Reached XP level 4. HP: 45/45 MP: 3/3
  1430 | D:3      | Noticed Robin
  1433 | D:3      | Reached skill level 4 in Unarmed Combat
  1451 | D:3      | Killed Robin
  1490 | D:3      | Found an ancient bone altar of Kikubaaqudgha.
  1505 | D:3      | Reached XP level 5. HP: 34/53 MP: 4/4
  1719 | D:3      | Found a hide-covered altar of Uskayaw.
  1981 | D:2      | Found a snail-covered altar of Cheibriados.
  2119 | D:3      | Found an opulent altar of Gozag.
  2258 | D:4      | Noticed a phantom
  2286 | D:4      | Killed a phantom
  2286 | D:4      | Reached XP level 6. HP: 46/62 MP: 5/5
  2377 | D:4      | Reached skill level 5 in Unarmed Combat
  2655 | D:4      | Reached XP level 7. HP: 61/70 MP: 6/6
  3305 | D:5      | Entered Level 5 of the Dungeon
  3307 | D:5      | Found Byjeumo's Food Shoppe.
  3330 | D:5      | Found a hazy altar of Hepliaklqana.
  3372 | D:5      | Found Boudo's Gadget Shop.
  3406 | D:5      | Found Doniso's Jewellery Emporium.
  3419 | D:5      | Found Vaumnis's Magic Scroll Boutique.
  3427 | D:5      | Bought a scroll of identify for 26 gold pieces
  3427 | D:5      | Bought a scroll of identify for 26 gold pieces
  3427 | D:5      | Bought a scroll of teleportation for 39 gold pieces
  3427 | D:5      | Bought a scroll of identify for 26 gold pieces
  3427 | D:5      | Bought a scroll of identify for 26 gold pieces
  3510 | D:5      | Reached skill level 6 in Unarmed Combat
  3687 | D:5      | Found a glowing drain.
  3691 | D:5      | Reached skill level 5 in Fighting
  3708 | Sewer    | Entered a sewer
  3810 | Sewer    | Noticed Purgy
  3817 | Sewer    | Killed Purgy
  3817 | Sewer    | Reached skill level 5 in Dodging
  3817 | Sewer    | Reached XP level 8. HP: 61/80 MP: 7/7
  3959 | D:5      | Found a blossoming altar of Fedhas.
  4105 | D:5      | Found Cauxziy's Distillery.
  4113 | D:5      | Bought a potion of curing for 30 gold pieces
  4473 | D:6      | Found a white marble altar of Elyvilon.
  4569 | D:6      | Found a sand-covered staircase.
  4578 | Ossuary  | Entered an ossuary
  4598 | Ossuary  | Reached skill level 7 in Unarmed Combat
  4809 | D:6      | Found a shattered altar of Ashenzari.
  4816 | D:6      | Noticed Grinder
  4830 | D:6      | Killed Grinder
  4952 | D:6      | Found a staircase to the Ecumenical Temple.
  4983 | Temple   | Entered the Ecumenical Temple
  5014 | Temple   | Became a worshipper of Warmaster Okawaru
  5014 | Temple   | Reached * piety under Okawaru
  5014 | Temple   | Reached ** piety under Okawaru
  5043 | D:6      | Found a shadowy altar of Dithmenos.
  5293 | D:6      | Reached XP level 9. HP: 89/89 MP: 8/8
  5574 | D:7      | Found an ornate altar of the Wu Jian Council.
  5764 | D:7      | Reached skill level 8 in Unarmed Combat
  5917 | D:7      | Killed from afar by an orc priest

Vault maps used:
D:1:      minmay_arrival_cross, tso_metal_star
D:2:      nicolae_overflow_hidden_temple
D:3:      marbit_many_paths, lemuel_coloured_pillars_altar,
          overflow_temple_1_default, uniq_robin
D:5:      kennysheep_mini_moat, portal_sewer_entry_b, first_ration,
          serial_shops, shop, shop, shop_statue, nicolae_shop_stone, shop,
          basic_altar, kennysheep_dice
D:6:      ashenzari_altar_1, lemuel_doored_altar, elyvilon_altar_5,
          minmay_temple_entry_trees, nicolae_ossuary_entry_ruins,
          kennysheep_cluttered_room, water_boxes_lemuel, uniq_grinder
D:7:      overflow_temple_1_default
Temple:   eino_wide_crystal_templ
Sewer:    kennysheep_door_sewer
Ossuary:  ossuary_tomb_3

Skill      XL: |  1  2  3  4  5  6  7  8  9 |
---------------+----------------------------+-----
Fighting       | 3 4 5 6 |  6.6
Dodging        | 3 4 5 6 |  6.6
Unarmed Combat | 4 5 6 7 8 |  8.0
Stealth        | |  1.1

Action                   |  1- 3 |  4- 6 |  7- 9 || total
-------------------------+-------+-------+-------++-------
Melee: Unarmed           |    65 |   168 |   332 ||   565
       Punch             |       |     3 |    12 ||    15
Invok: Heroism           |       |       |     1 ||     1
  Use: Scroll            |     1 |       |    10 ||    11
 Stab: Sleeping          |     2 |     2 |     5 ||     9
       Distracted        |     1 |       |       ||     1
  Eat: Chunk             |    15 |    15 |    30 ||    60
Armor: Robe              |    18 |    47 |    83 ||   148
Dodge: Dodged            |    24 |    92 |   191 ||   307

Table legend:
 A = Spawn XP
 B = Non-spawn XP
 C = Spawn XP percentage of total XP
 D = Spawn monster count
 E = Non-spawn monster count
 F = Spawn count percentage of total count
 G = Total turns spent on level
                    A         B        C        D         E        F      G
               +---------+---------+-------+---------+---------+-------+---------
         Total |       0 |    3727 |   0.0 |       0 |     179 |   0.0 |  5917
               +---------+---------+-------+---------+---------+-------+---------
           D:1 |       0 |       9 |   0.0 |       0 |       5 |   0.0 |   761
           D:2 |       0 |      90 |   0.0 |       0 |      22 |   0.0 |   578
           D:3 |       0 |     207 |   0.0 |       0 |      35 |   0.0 |   822
           D:4 |       0 |     493 |   0.0 |       0 |      22 |   0.0 |  1144
           D:5 |       0 |     851 |   0.0 |       0 |      28 |   0.0 |   753
           D:6 |       0 |     973 |   0.0 |       0 |      33 |   0.0 |  1090
           D:7 |       0 |     785 |   0.0 |       0 |      12 |   0.0 |   371
         Sewer |       0 |     162 |   0.0 |       0 |       6 |   0.0 |   154
       Ossuary |       0 |     157 |   0.0 |       0 |      16 |   0.0 |   205
               +---------+---------+-------+---------+---------+-------+---------
